AoeStats
← Schantiiniiii

Pilgrims

507362758Analyzed
3v3 RM · 13d ago on Sep 17, 2026· 32m 53s· 6 players
Game mode
Random Map
Map size
Normal (6 player)
Population
200
Speed
Normal
Resources
Standard
Victory
Conquest
Starting age
Dark Age
Ending age
Imperial Age
RankedLock teamsTeams togetherTeam positionsShared explorationLock speedFull tech treeHidden civsTurbo modeCheats
Victory
Defeat
🇩🇪 Gurjaras · Germany
1644
+11
🇨🇭 Georgians · Switzerland
1617
+12
🇩🇪 Slavs · Germany
1538
+16
🇦🇷 Dravidians · Argentina
1568
-14
🇦🇷 Lithuanians · Argentina
1566
-14
🇦🇷 Sicilians · Argentina
1476
-11
Rodilla de Bronce
6:48 Loom
9:10 Feudal Age
11:26 Town Watch
12:08 Bloodlines
11:41 Horse Collar
14:45 Wheelbarrow
15:16 Forging
16:52 Scale Barding Armor
16:53 Fishing Lines
21:56 Castle Age
21:02 Gold Mining
21:15 Double-Bit Axe
23:05 Chain Barding Armor
25:59 Hand Cart
28:25 Husbandry
30:08 Murder Holes
32:31 Heavy Plow
33:08 Bow Saw
La Bestia
5:50 Loom
10:10 Feudal Age
13:17 Double-Bit Axe
15:35 Wheelbarrow
19:02 Castle Age
20:00 Medium Warships
22:37 Bow Saw
22:31 Scale Mail Armor
24:07 Squires
23:56 Gambesons
24:14 Man-at-Arms
25:05 Long Swordsman
26:08 Horse Collar
27:05 Forging
Caniche
2:30 Loom
11:27 Feudal Age
12:43 Gold Mining
17:14 Castle Age
16:46 Fletching
20:46 Bodkin Arrow
20:55 Double-Bit Axe
20:57 Horse Collar
21:35 Padded Archer Armor
26:57 Wheelbarrow
28:15 Leather Archer Armor
28:58 Light Cavalry
29:39 Husbandry
30:36 Town Watch
Schantiiniiii
4:26 Loom
11:21 Feudal Age
12:00 Double-Bit Axe
13:13 Fletching
13:14 Town Watch
13:12 Fishing Lines
19:35 Castle Age
17:53 Gold Mining
20:31 Medium Warships
20:59 Bodkin Arrow
22:12 Gillnets
27:08 Sanctity
Serxer
4:46 Loom
10:00 Feudal Age
11:49 Gold Mining
12:04 Double-Bit Axe
18:18 Castle Age
17:02 Forging
17:25 Scale Mail Armor
20:22 Pikeman
24:57 Squires
28:58 Fishing Lines
31:15 Iron Casting
{ BP } Käpt`n Iglo
8:11 Loom
10:10 Feudal Age
10:54 Double-Bit Axe
15:44 Castle Age
14:09 Fletching
16:41 Medium Warships
16:30 Bodkin Arrow
17:29 Town Watch
24:04 Imperial Age
24:52 Bracer
25:17 Fishing Lines
27:10 Bow Saw
28:02 Ballistics
33:19 Wheelbarrow
32:56 Scale Barding Armor
Connection lost

Rejoining the realm…

Still unreachable

The connection could not be restored.

Session expired

The server has moved on; the page needs a fresh start.